 Dungeon Crawl Stone Soup version 0.31.0-11-ge490571c62 (webtiles) character file.

Game seed: 16835224676003110708

60 Fodor the Covered (level 3, 0/33 HPs)
             Began as a Minotaur Fighter on Feb 7, 2024.
             Killed from afar by Natasha (6 damage)
             ... with a magic dart
             ... on level 2 of the Dungeon.
             The game lasted 00:05:28 (819 turns).

Fodor the Covered (Minotaur Fighter)                 Turns: 819, Time: 00:05:29

Health: 0/33       AC:  7    Str: 22    XL:     3   Next: 82%
Magic:  2/2        EV:  9    Int:  5    God:
Gold:   44         SH:  4    Dex:  9    Spells: 2/2 levels left

rFire   . . .        a - +0 war axe
rCold   . . .        c - +0 buckler
rNeg    . . .        b - +0 scale mail
rPois   .            (helmet restricted)
rElec   .            (no cloak)
rCorr   .            (no gloves)
SInv    .            (no boots)
Will    .....        (no amulet) Stlth
                     (no ring)
HPRegen 0.25/turn    (no ring)
MPRegen 0.08/turn

%: no passive effects
@: no status effects
A: horns 2, retaliatory headbutt
a: no special abilities


You were on level 2 of the Dungeon.
You visited 1 branch of the dungeon, and saw 2 of its levels.

You collected 44 gold pieces.

Inventory:

Hand Weapons
 a - a +0 war axe (weapon)
Armour
 b - a +0 scale mail (worn)
 c - a +0 buckler (worn)
Scrolls
 f - a scroll of torment {unknown}
 g - a scroll of amnesia {unknown}
 h - 5 scrolls of identify {unknown}
Potions
 d - a potion of might
 e - 2 potions of curing {unknown}
 i - a potion of haste {unknown}


   Skills:
 + Level 4.0 Fighting
 + Level 3.3 Axes
 + Level 4.3 Armour
 + Level 0.4 Dodging
 + Level 0.8 Stealth
 + Level 4.1 Shields


You had 2 spell levels left.
You didn't know any spells.
Your spell library contained the following spells:

 Spells                   Type           Power      Damage    Failure   Level
 Freeze                   Ice            0%         1d3       86%         1
 Frozen Ramparts          Ice            0%         1d1       99%         3
 Hailstorm                Conj/Ice       0%         3d5       99%         3


Dungeon Overview and Level Annotations

Branches:
Dungeon (2/15)

Altars:

Shops:
D:1 [

Annotations:
D:2 Natasha


Innate Abilities, Weirdness & Mutations

You have a pair of horns on your head.
You reflexively headbutt those who attack you in melee.


Message History

There is a stone staircase leading up here.
The endoplasm quivers.
You slash the hobgoblin!
You kill the hobgoblin!
Natasha mumbles some strange words.
Natasha mumbles some strange words.
The cerulean imp completely misses you.
There is a stone staircase leading up here.
You barely miss Natasha. You hit the cerulean imp.
Natasha casts a spell at you. You resist with significant effort.
The cerulean imp hits you but does no damage.
The cerulean imp hits you with a +2 spear!
Natasha barely misses you.
You barely miss Natasha.
You hit the cerulean imp but do no damage.
The cerulean imp hits you but does no damage.
You block the cerulean imp's attack. Natasha claws you but does no damage.
You closely miss Natasha. You hit the cerulean imp.
The cerulean imp hits you but does no damage.
The cerulean imp barely misses you. You furiously retaliate!
You headbutt the cerulean imp!
You kill the cerulean imp!
The cerulean imp disappears in a puff of smoke!
Natasha stares at you and mumbles some strange words.
The magic dart hits you. The cerulean imp completely misses you.
You barely miss Natasha. Your headbutt misses Natasha. You hit the endoplasm.
Natasha barely misses you. The endoplasm freezes you.
You are frozen.
You block the cerulean imp's attack. Natasha barely misses you.
The endoplasm freezes you.
You are frozen.
* * * LOW HITPOINT WARNING * * *
You closely miss Natasha. You headbutt Natasha.
Natasha is lightly wounded.
You barely miss the endoplasm. You block the cerulean imp's attack.
Natasha casts a spell at you. The magic dart hits you.
You die...
Natasha begins licking her fur clean.

#.......#
#.......#
#.......#
#........
#...$...#
#.....§§#
#.....§$###
.....5h@J.#
####.####.#######
#.......J
#........
#.####### # #.# #
#.# # #.# # #.# #


You could see Natasha, a cerulean imp (summoned) and an endoplasm.

Vanquished Creatures
  2 adders (D:2)
  3 dart slugs (D:1)
  3 ball pythons (D:1)
  2 bats (D:1)
  2 endoplasms
  2 giant cockroaches (D:1)
  2 goblins
  5 hobgoblins
  3 quokkas (D:1)
  3 frilled lizards (D:1)
  3 kobolds
  6 rats
36 creatures vanquished.

Notes
Turn   | Place    | Note
-------+----------+-------------------------------------------
     0 | D:1      | Fodor the Minotaur Fighter began the quest for the Orb.
     0 | D:1      | Reached XP level 1. HP: 19/19 MP: 0/0
    64 | D:1      | Found Yfeovi's Armour Emporium.
    85 | D:1      | Reached XP level 2. HP: 23/27 MP: 1/1
   468 | D:1      | Reached XP level 3. HP: 33/33 MP: 2/2
   808 | D:2      | Noticed Natasha
   819 | D:2      | Killed from afar by Natasha

Illustrated notes

Levels and vault maps discovered:
D:1:      dpeg_arrival_round_b, layout_rooms, serial_curves, eino_curves_03,
          eino_curves_04, serial_shops, shop, minmay_indecisive_spiral
D:2:      minmay_door_path, layout_loops_ring, uniq_crazy_yiuf_cottage,
          uniq_sigmund, uniq_natasha, uniq_jessica

Skill      XL: |  1  2 |
---------------+-------+-----
Armour         | 4 |  4.3
Shields        | 4 |  4.1
Fighting       | 4 |  4.0
Axes           | 3 |  3.3
Dodging        | |  0.4
Stealth        | |  0.8

Action                     || total
---------------------------++-------
  Melee: War axe           ||    74
         Headbutt          ||     8
 Armour: Scale mail        ||    48
  Dodge: Dodged            ||    42
  Block: Buckler           ||    19
